 Seeded DCSS version 0.30.2 (webtiles) character file.

Game seed: 12339998894011203043 (custom seed)

5134 porpoise the Skirmisher (level 10, -1/74 HPs)
             Began as a Human Hunter on Jan 29, 2024.
             Was a Believer of Hepliaklqana.
             Killed from afar by Erica (15 damage)
             ... with a bolt of poison
             ... on level 9 of the Dungeon.
             The game lasted 00:20:20 (8430 turns).

porpoise the Skirmisher (Human Hunter)              Turns: 8430, Time: 00:20:21

Health: -1/74      AC: 10    Str: 19    XL:     10   Next: 88%
Magic:  11/11      EV: 12    Int: 13    God:    Hepliaklqana [**....]
Gold:   278        SH:  0    Dex: 20    Spells: 9/9 levels left

rFire   . . .        b - +8 quarterstaff "Ruahoiry" {venom, Int+4}
rCold   . . .        (shield currently unavailable)
rNeg    + . .        M - +0 steam dragon scales
rPois   .            (no helmet)
rElec   .            r - +2 cloak {rCorr}
rCorr   +            (no gloves)
SInv    .            m - +1 pair of boots
Will    .....        (no amulet)
Stlth   ++           J - +6 ring of strength
HPRegen 0.32/turn    N - ring of positive energy
MPRegen 0.12/turn

%: no passive effects
@: lethally poisoned (-1 -> -16), slowed, very slow
A: reduced essence
a: Renounce Religion, Recall Ancestor, Ancestor Identity


You were on level 9 of the Dungeon.
You worshipped Hepliaklqana.
Hepliaklqana was pleased with you.
You visited 1 branch of the dungeon, and saw 9 of its levels.

You collected 398 gold pieces.
You spent 120 gold pieces at shops.

Inventory:

Hand Weapons
 a - a +0 shortbow
 b - the +8 quarterstaff "Ruahoiry" (weapon) {venom, Int+4}
   (You found it on level 2 of the Dungeon)

   Int:       It affects your intelligence (+4).
 k - a +8 club
 n - a +1 demon whip of venom
 v - the +8 mace of Gevvocwe {chaos, rC+ Str+4 SInv}
   (You found it on level 3 of the Dungeon)

   Str:       It affects your strength (+4).
   rC:        It protects you from cold.
   SInv:      It lets you see invisible.
 F - the +9 war axe of Cheibriados's Pride {holy, Int+4 Stlth+}
   (You found it on level 6 of the Dungeon)

   Int:       It affects your intelligence (+4).
   Stlth:     It makes you more stealthy.
Missiles
 y - a throwing net
 C - 11 poisoned darts
Armour
 m - a +1 pair of boots (worn)
 r - a +2 cloak of preservation (worn)
 I - the +2 cloak of the Mackerel {Harm rF+ Int-5}
   (You found it on level 7 of the Dungeon)

   Int:       It affects your intelligence (-5).
   rF:        It protects you from fire.
   Harm:      It increases damage dealt and taken.
 M - +0 steam dragon scales (worn)
Magical Staves
 G - a staff of air
Jewellery
 i - a ring of fire
 p - a ring of see invisible
 s - a ring of flight
 H - a ring of magical power
 J - a +6 ring of strength (left hand)
 N - a ring of positive energy (right hand)
 P - a ring of positive energy
Wands
 q - a wand of flame (29)
 A - a wand of polymorph (2)
Scrolls
 c - a scroll of vulnerability
 d - 3 scrolls of teleportation
 h - a scroll of torment {unknown}
 o - 2 scrolls of immolation
 u - a scroll of noise {unknown}
 x - a scroll of fog {unknown}
 z - a scroll of poison
 D - a scroll of enchant armour
 E - a scroll of amnesia
Potions
 f - 3 potions of curing
 g - 3 potions of lignification
 j - 2 potions of invisibility
 t - 3 potions of ambrosia
 w - 2 potions of mutation
 B - a potion of haste
 K - 3 potions of heal wounds
 L - 2 potions of flight
 O - a potion of berserk rage
 Q - a potion of attraction
 R - a potion of brilliance


   Skills:
 - Level 9.0 Fighting
 * Level 13.0 Ranged Weapons
 + Level 0.7 Armour
 - Level 2.0 Dodging
 - Level 1.0 Stealth
 + Level 2.3 Invocations


You had 9 spell levels left.
You didn't know any spells.
Your spell library contained the following spells:

 Spells                   Type           Power      Damage    Failure   Level
 Magic Dart               Conj           0%         1d3       30%         1
 Scorch                   Fire           0%         2d5       43%         2
 Searing Ray              Conj           0%         2d4       43%         2
 Flame Wave               Conj/Fire      0%         2d4       97%         4
 Fulminant Prism          Conj/Hex       0%         3d5       97%         4
 Summon Cactus Giant      Summ           0%         N/A       100%        6


Dungeon Overview and Level Annotations

Branches:
Dungeon (9/15)             Temple (0/1) D:5
   Lair: D:8-11         Orc: D:9-12

Altars:
Ashenzari
Dithmenos
Hepliaklqana
Nemelex Xobeh
Okawaru
Uskayaw
Yredelemnul

Shops:
D:3 !   D:6 (   D:8 (

Annotations:
D:9 exclusion: 2 doors, Erica, Maurice


Message History

Erica gestures at you while chanting. The bolt of poison hits you!!
You are poisoned.
You hear a zap.
Some rock shatters into small pieces.
You closely miss Erica.
Erica is lightly wounded.
You feel very sick.
Erica hits you with a +2 scimitar of flaming.
Erica burns you.
Nikki hits Erica with a +0 flail!
You barely miss Erica.
Erica is moderately wounded.
You feel very sick. Erica barely misses you.
Nikki hits something with a +0 flail!
You barely miss Erica.
Erica is moderately wounded.
You feel sick. Something barely misses you.
Erica mumbles some strange words.
Erica flickers and vanishes!
Something hits you but does no damage. Something hits you.
Something steals 198 gold pieces!
You now have 278 gold pieces.
You closely miss something.
You feel sick.
Nikki hits something with a +0 flail!
You hear some strange, mumbled words.
You feel yourself slow down.
You hear some strange, mumbled words.
You thump something!
You feel sick. Something hits you. Something burns you. Something hits you!
* * * LOW HITPOINT WARNING * * *
Something burns you.
* * * LOW HITPOINT WARNING * * *
You barely miss something.
You feel sick.
Nikki barely misses something.
You hear some strange, mumbled words.
Something tries to affect you, but you resist.
Something hits Nikki but does no damage.
You hear some strange, mumbled words.
A bolt of poison appears from out of thin air!
The bolt of poison hits you!
You are lethally poisoned!
You die...

#.......(.#
##.........#
..........#
#.........# #........
#....R. #.{.####
#@....# ########.'##
#..........#
+.(........#
#..........########..
#..........##..Ry....
#..........+..#
#.......<..####
#..........#


You could see the friendly Nikki the knight.

Vanquished Creatures
  Amaemon (D:8)
  Pikel (D:6)
  Sigmund (D:4)
  A steam dragon (D:7)
  A water moccasin (D:9)
  A sky beast (D:7)
  An orc warrior (D:9)
  4 ogres
  A wolf (D:8)
  2 centaurs
  A lemure (D:6)
  Blork the orc (D:4)
  5 bullfrogs
  3 scorpions
  A killer bee (D:9)
  A howler monkey (D:6)
  2 jellies
  Crazy Yiuf (D:3)
  4 orc priests
  6 hounds
  Jessica (D:2)
  Natasha (thrice) (D:3)
  Terence (D:3)
  An iguana (D:7)
  3 orc wizards
  6 adders
  3 white imps
  2 ufetubi (D:6)
  5 worms
  4 dart slugs
  21 orcs
  4 ball pythons
  5 endoplasms
  3 giant cockroaches
  3 goblins (D:2)
  10 hobgoblins
  6 jackals
  A quokka (D:3)
  5 bats
  6 frilled lizards
  3 kobolds
  2 rats
  A spectral orc (D:8)
138 creatures vanquished.

Vanquished Creatures (collateral kills)
  An orange demon (D:8)
  2 wyverns
  Grum (D:8)
  Eustachio (D:6)
  An orc warrior (D:8)
  An ice beast (D:8)
  A wolf (D:8)
  A centaur (D:7)
  A phantom (D:7)
  A bullfrog (D:8)
  A killer bee (D:9)
  A jelly (D:6)
  2 orc priests
  2 orc wizards
  2 orcs
19 creatures vanquished.

Vanquished Creatures (others)
  A knight (D:9)
  2 ancestors (D:6)
3 creatures vanquished.

Grand Total: 160 creatures vanquished

Notes
Turn   | Place    | Note
-------+----------+-------------------------------------------
     0 | D:1      | porpoise the Human Hunter began the quest for the Orb.
     0 | D:1      | Reached XP level 1. HP: 16/16 MP: 1/1
   123 | D:1      | Reached XP level 2. HP: 22/22 MP: 2/2
   446 | D:1      | Found a faded altar of an unknown god.
   505 | D:2      | You fall into a shaft and drop 1 floor!
   506 | D:3      | Noticed Natasha
   517 | D:3      | Killed Natasha
   518 | D:3      | Reached XP level 3. HP: 11/28 MP: 3/3
   614 | D:3      | Noticed Natasha
   644 | D:3      | Killed Natasha
   645 | D:3      | Reached skill level 5 in Ranged Weapons
   645 | D:3      | Reached XP level 4. HP: 6/34 MP: 4/4
   860 | D:2      | Identified the +8 quarterstaff "Ruahoiry" {venom, Int+4}
   886 | D:2      | Noticed Jessica
   888 | D:2      | Killed Jessica
   889 | D:2      | Reached XP level 5. HP: 41/41 MP: 5/5
  2042 | D:3      | Found a runed translucent door.
  2043 | D:3      | Noticed Crazy Yiuf
  2086 | D:3      | Killed Crazy Yiuf
  2180 | D:3      | Reached skill level 6 in Ranged Weapons
  2180 | D:3      | Reached XP level 6. HP: 47/47 MP: 6/6
  2288 | D:3      | Noticed Terence
  2288 | D:3      | Noticed Natasha
  2296 | D:3      | Killed Natasha
  2306 | D:3      | Killed Terence
  2587 | D:3      | Found Yghaacs's Distillery.
  2597 | D:3      | Identified the +8 mace of Gevvocwe {chaos, rC+ Str+4 SInv}
  2607 | D:3      | Bought a potion of curing for 36 gold pieces
  2607 | D:3      | Bought a potion of curing for 36 gold pieces
  2607 | D:3      | Bought a potion of degeneration for 12 gold pieces
  2607 | D:3      | Bought a potion of curing for 36 gold pieces
  2811 | D:4      | Noticed Sigmund
  2817 | D:4      | Killed Sigmund
  2818 | D:4      | Reached skill level 7 in Ranged Weapons
  2818 | D:4      | Reached XP level 7. HP: 44/55 MP: 7/7
  3211 | D:4      | Found a hazy altar of Hepliaklqana.
  3250 | D:4      | Became a worshipper of Hepliaklqana the Forgotten
  3296 | D:4      | Reached skill level 5 in Fighting
  3345 | D:4      | Found a hide-covered altar of Uskayaw.
  3363 | D:4      | Noticed Blork the orc
  3373 | D:4      | Killed Blork the orc
  3374 | D:4      | Reached skill level 8 in Ranged Weapons
  3374 | D:4      | Reached XP level 8. HP: 52/62 MP: 8/8
  3543 | D:5      | Entered Level 5 of the Dungeon
  4080 | D:5      | Found a staircase to the Ecumenical Temple.
  4135 | D:5      | Reached * piety under Hepliaklqana
  4418 | D:6      | Found an iron altar of Okawaru.
  4457 | D:6      | Found Qusmioc's Weapon Shop.
  4478 | D:6      | Reached skill level 9 in Ranged Weapons
  4529 | D:6      | Found a sparkling altar of Nemelex Xobeh.
  4651 | D:6      | Identified the +9 war axe of Cheibriados's Pride {holy,
                  | Int+4 Stlth+}
  4655 | D:6      | Noticed Eustachio
  4668 | D:6      | Killed Eustachio
  4669 | D:6      | Reached XP level 9. HP: 58/62 MP: 9/9
  4887 | D:6      | Noticed Pikel
  4905 | D:6      | Killed Pikel
  4906 | D:6      | Reached skill level 10 in Ranged Weapons
  5399 | D:7      | Found a shadowy altar of Dithmenos.
  5400 | D:7      | Identified the +2 cloak of the Mackerel {Harm rF+ Int-5}
  5453 | D:7      | Found a broken altar of Ashenzari.
  5736 | D:7      | Reached skill level 11 in Ranged Weapons
  5897 | D:7      | Reached ** piety under Hepliaklqana
  5898 | D:7      | Remembered your ancestor Nikki as a knight
  6157 | D:7      | Reached XP level 10. HP: 72/72 MP: 10/10
  6401 | D:8      | Noticed Amaemon
  6402 | D:8      | Noticed Grum
  6404 | D:8      | Noticed an orange demon
  6770 | D:8      | Killed Amaemon
  6771 | D:8      | Reached skill level 12 in Ranged Weapons
  6865 | D:8      | Killed Grum
  6868 | D:8      | Killed an orange demon
  7337 | D:8      | Found Saakk's Antique Weapon Boutique.
  7351 | D:8      | Reached skill level 1 in Invocations
  7741 | D:8      | Found a basalt altar of Yredelemnul.
  8407 | D:9      | Noticed Maurice
  8417 | D:9      | Reached skill level 13 in Ranged Weapons
  8418 | D:9      | Noticed Erica
  8430 | D:9      | Killed from afar by Erica

Illustrated notes

Levels and vault maps discovered:
D:1:      lemuel_arrival_funnel, layout_rooms,
          dilly_ecumenical_altar_fadedgnrine
D:2:      layout_basic, nicolae_figureground_pulse, uniq_jessica
D:3:      layout_basic, serial_shops, shop_fountains, kennysheep_generic_room_9,
          uniq_crazy_yiuf_cottage, uniq_terence, uniq_natasha
D:4:      layout_cave_pools, lemuel_crystal_altar, mainiacjoe_overflow_brackets,
          kennysheep_potato, uniq_sigmund, uniq_blork_the_orc
D:5:      layout_basic, minmay_temple_entry_statues_pillars
D:6:      layout_loops_cross, mainiacjoe_overflow_chevrons,
          mainiacjoe_overflow_surrounded_room, serial_shops, shop,
          chequers_serial_rivers_micro_c, minivault_22, uniq_pikel,
          uniq_eustachio
D:7:      layout_basic, mainiacjoe_overflow_small_starburst, old_standard_altar
D:8:      layout_loops_ring, yredelemnul_forgotten_temple_becter, serial_shops,
          shop, david_defended_altar_orc, uniq_amaemon, uniq_grum
D:9:      layout_roguey, grunt_temple_overflow_growth_and_decay, uniq_maurice,
          uniq_erica

Skill      XL: |  1  2  3  4  5  6  7  8  9 10 |
---------------+-------------------------------+-----
Ranged Weapons | 5 6 7 8 9 11 13 | 13.0
Fighting       | 3 4 5 6 7 9 |  9.0
Invocations    | 2 |  2.3
Armour         | |  0.7
Dodging        | |  2.0
Stealth        | |  1.0

Action                     |  1- 3 |  4- 6 |  7- 9 | 10-12 || total
---------------------------+-------+-------+-------+-------++-------
  Melee: Quarterstaff      |       |    35 |    58 |    43 ||   136
         Demon whip        |       |       |       |    17 ||    17
   Fire: Shortbow          |    46 |   133 |   173 |    75 ||   427
 Invoke: Ancestor Identity |       |       |     2 |       ||     2
         Ancestor Life: Kn |       |       |     1 |       ||     1
         Recall Ancestor   |       |       |       |     2 ||     2
    Use: Scroll            |     2 |     4 |     4 |     9 ||    19
         Potion            |       |       |       |     5 ||     5
   Stab: Distracted        |       |       |     1 |       ||     1
 Armour: Leather armour    |     5 |    26 |    17 |       ||    48
         Ring mail         |       |       |    20 |       ||    20
         Steam dragon scal |       |       |       |    47 ||    47
  Dodge: Dodged            |    19 |    47 |    58 |    76 ||   200
